 Dungeon Crawl Stone Soup version 0.30.0-15-g856e2d3f33 (webtiles) character file.

Game seed: 11566450303277799181

886 meatpath the Trooper (level 8, -4/52 HPs)
             Began as a Gargoyle Fighter on May 18, 2023.
             Was a Follower of Makhleb.
             Killed by divine providence
             ... invoked by an orc priest
              (13 damage)
             ... on level 5 of the Dungeon.
             The game lasted 00:10:15 (3652 turns).

meatpath the Trooper (Gargoyle Fighter)             Turns: 3652, Time: 00:10:16

Health: -4/52      AC: 16    Str: 21    XL:     8   Next: 5%
Magic:  8/8        EV: 15    Int: 10    God:    Makhleb [*.....]
Gold:   185        SH:  5    Dex: 15    Spells: 7/7 levels left

rFire   . . .        y - +2 flail (heavy)
rCold   . . .        c - +0 buckler
rNeg    + . .        b - +0 scale mail
rPois   ∞            o - +0 helmet
rElec   +            (no cloak)
rCorr   .            u - +1 Delatra's gloves {ID++}
SInv    .            q - +0 pair of boots
Will    .....        x - amulet of the acrobat Stlth
                     h - +5 ring of evasion
HPRegen 0.28/turn    B - +6 ring of dexterity
MPRegen 0.11/turn

%: acrobat
@: no status effects
A: sickness immunity, AC +5, negative energy resistance 1, electricity
resistance, torment resistance 1, petrification resistance
a: Renounce Religion


You were on level 5 of the Dungeon.
You worshipped Makhleb.
Makhleb was aware of your devotion.
You visited 1 branch of the dungeon, and saw 5 of its levels.

You collected 185 gold pieces.

Inventory:

Hand Weapons
 y - a +2 heavy flail (weapon)
Armour
 b - a +0 scale mail (worn)
 c - a +0 buckler (worn)
 i - a +0 plate armour
 o - a +0 helmet (worn)
 q - a +0 pair of boots (worn)
 u - the +1 Delatra's gloves (worn) {ID++}
   (You found it on level 3 of the Dungeon)

   ID++:      It heals its wearer when they drink unknown potions, and restores
   their MP when they read unknown scrolls.
Jewellery
 h - a +5 ring of evasion (left hand)
 x - an amulet of the acrobat (around neck)
 B - a +6 ring of dexterity (right hand)
Wands
 z - a wand of flame (26)
Scrolls
 a - 2 scrolls of vulnerability
 e - a scroll of torment {unknown}
 g - a scroll of enchant armour
 j - 3 scrolls of amnesia
 k - a scroll of teleportation {unknown}
 l - 3 scrolls of fear {unknown}
 n - a scroll of brand weapon {unknown}
 s - 3 scrolls of noise {unknown}
 w - a scroll of blinking {unknown}
 A - 5 scrolls of magic mapping {unknown}
Potions
 d - 3 potions of might
 f - 5 potions of heal wounds {unknown}
 m - 2 potions of cancellation {unknown}
 p - a potion of magic {unknown}
 r - a potion of brilliance {unknown}
 t - 2 potions of flight {unknown}
 v - 2 potions of curing {unknown}


   Skills:
 + Level 6.4 Fighting
 + Level 5.4 Maces & Flails
 - Level 3.2 Armour
 + Level 2.8 Dodging
 - Level 5.0 Shields


You had 7 spell levels left.
You didn't know any spells.
Your spell library contained the following spells:

 Spells                   Type           Power      Damage    Failure   Level
 Kiss of Death            Conj/Necr      0%         2d5       77%         1
 Lesser Beckoning         Tloc           0%         N/A       88%         2
 Confusing Touch          Hex            0%         N/A       98%         3
 Gell's Gravitas          Tloc           0%         N/A       98%         3
 Teleport Other           Tloc           0%         N/A       98%         3
 Dispel Undead            Necr           0%         3d6       100%        4


Dungeon Overview and Level Annotations

Branches:
Dungeon (5/15)             Temple (0/1) D:5

Altars:
Makhleb
Uskayaw
Vehumet

Annotations:
D:3 1 runed translucent door, Crazy Yiuf
D:4 3 runed translucent doors, BillyBaka's ghost, amateur MiFi; LeafNoTowel's ghost, amateur OpWn


Innate Abilities, Weirdness & Mutations

You are immune to sickness and miasma.
Your stone body is resilient. (AC +5)
You are immune to poison.
You resist negative energy. (rN+)
You are resistant to electric shocks. (rElec)
You are resistant to unholy torment.
You are immune to petrification.


Message History

Pain shoots through your body! You block the orc's attack.
The orc priest looks braver for a moment.
The iguana attacks as you move away! The iguana closely misses you.
The orc attacks as you move away! The orc misses you.
You closely miss the orc. The orc misses you.
You sock the orc!
You kill the orc!
Makhleb accepts your kill.
The orc priest calls down the wrath of Beogh upon you.
Beogh smites you!
The orc priest miscasts a cantrip. x2
The orc priest looks satisfied for a moment.
The orc hits you but does no damage.
You sock the orc!
You kill the orc!
Makhleb accepts your kill.
The orc priest looks satisfied for a moment.
The iguana barely misses you.
You bludgeon the iguana!!
You kill the iguana!
Makhleb accepts your kill.
You have reached level 8!
You feel clever.
You sock the jelly!
You kill the jelly!
Makhleb accepts your kill.
The orc priest hits you with a +0 hand axe.
You hit the orc priest.
The orc priest is lightly wounded.
The orc priest mumbles some strange prayers to Beogh against you.
Beogh smites you!
The orc priest calls down the wrath of Beogh upon you.
Beogh smites you!
* * * LOW HITPOINT WARNING * * *
The orc priest looks encouraged for a moment.
You block the orc priest's attack.
The orc priest calls down the wrath of Beogh upon you.
Beogh smites you!
You die...

#.........##.##
#..............
##...........#
#............###
###.#........#####
####.#####........#
.....##
#.$......#..
##...###..........^
#.@ooo...)...$..
#.###.?.........
... #...........
...## ########....
..... .... #### ...
..


You could see 3 orc priests.

Vanquished Creatures
  An ogre (D:4)
  A necrophage (D:4)
  3 scorpions
  2 hounds
  A gnoll bouda (D:4)
  An orc priest (D:5)
  A jelly (D:5)
  An iguana (D:5)
  2 orc wizards (D:3)
  A hound skeleton (D:4)
  13 gnolls
  8 adders
  4 worms
  3 dart slugs
  14 orcs
  4 endoplasms
  8 giant cockroaches
  9 goblins
  6 hobgoblins
  6 jackals
  12 kobolds
  4 quokkas
  3 ball pythons
  6 bats
  2 frilled lizards (D:2)
  5 rats
121 creatures vanquished.

Notes
Turn   | Place    | Note
-------+----------+-------------------------------------------
     0 | D:1      | meatpath the Gargoyle Fighter began the quest for the Orb.
     0 | D:1      | Reached XP level 1. HP: 14/14 MP: 1/1
   140 | D:1      | Reached XP level 2. HP: 19/19 MP: 2/2
   910 | D:2      | Reached XP level 3. HP: 24/24 MP: 3/3
   919 | D:2      | Reached skill level 4 in Fighting
   922 | D:2      | Reached XP level 4. HP: 10/29 MP: 4/4
  1759 | D:3      | Noticed Jessica
  1829 | D:2      | Reached XP level 5. HP: 34/34 MP: 5/5
  2189 | D:3      | Reached XP level 6. HP: 40/40 MP: 6/6
  2216 | D:3      | Reached skill level 5 in Shields
  2258 | D:3      | Found the +1 Delatra's gloves {ID++}
  2265 | D:3      | Reached skill level 5 in Fighting
  2324 | D:3      | Found a hide-covered altar of Uskayaw.
  2444 | D:3      | Found a runed translucent door.
  2445 | D:3      | Noticed Crazy Yiuf
  2727 | D:4      | Found a burning altar of Makhleb.
  2743 | D:4      | Became a worshipper of Makhleb the Destroyer
  2848 | D:4      | Reached skill level 1 in Dodging
  2960 | D:4      | Reached XP level 7. HP: 31/44 MP: 7/7
  3142 | D:4      | Found a runed translucent gate.
  3142 | D:4      | Found a runed translucent gate.
  3143 | D:4      | Found a runed translucent gate.
  3144 | D:4      | Noticed BillyBaka's ghost (amateur MiFi)
  3145 | D:4      | Noticed LeafNoTowel's ghost (amateur OpWn)
  3561 | D:5      | Entered Level 5 of the Dungeon
  3564 | D:4      | Reached * piety under Makhleb
  3571 | D:4      | Reached skill level 6 in Fighting
  3571 | D:4      | Reached skill level 5 in Maces & Flails
  3577 | D:5      | Found a staircase to the Ecumenical Temple.
  3578 | D:5      | Found a radiant altar of Vehumet.
  3651 | D:5      | Reached XP level 8. HP: 35/52 MP: 8/8
  3652 | D:5      | Killed from afar by an orc priest

Illustrated notes

Levels and vault maps discovered:
D:1:      co_arrival_hexagon_in_a_hexagon, layout_basic
D:2:      layout_basic
D:3:      corexii_shack_village, layout_rooms, lemuel_doored_altar,
          serial_corexii_hall, chequers_hall_statues_corner_a,
          chequers_hall_statues_y, uniq_crazy_yiuf_cottage, uniq_jessica
D:4:      layout_rooms, makhleb_blood_cavern_becter, gammafunk_ghost_cemetery,
          st_stairs_9
D:5:      layout_rooms, nicolae_overflow_hidden_temple, vehumet_altar_wand_db,
          minmay_temple_entry_mini_moons

Skill      XL: |  1  2  3  4  5  6  7 |
---------------+----------------------+-----
Fighting       | 4 5 6 |  6.4
Shields        | 4 5 |  5.0
Maces & Flails | 3 4 5 |  5.4
Dodging        | 1 2 |  2.8
Armour         | |  3.2

Action                     |  1- 3 |  4- 6 |  7- 9 || total
---------------------------+-------+-------+-------++-------
  Melee: Flail             |    67 |   315 |    66 ||   448
    Use: Potion            |     1 |       |       ||     1
         Scroll            |       |     2 |     1 ||     3
 Armour: Scale mail        |    28 |   154 |    35 ||   217
  Dodge: Dodged            |    47 |   295 |    69 ||   411
  Block: Buckler           |    16 |    82 |    22 ||   120
